Rainflute, neutral male human Monk @ Rainflute the Student of Stones Experience level: 11 Strength: 18/10 Dexterity: 20 Constitution: 15 Intelligence: 12 Wisdom: 17 Charisma: 11 Health: 0(75) Energy: 68(68) Def: 9 Gold: 5260 Moves: 17603 Dungeon seed: wXK3VkdEJEjtColK Game ID: Rainflute_1430461589 Your Inventory: Coins $ - 5260 gold pieces Amulets g - the blessed greased Eye of the Aethiopica x - an uncursed amulet of magical breathing z - an uncursed amulet of reflection Z - a cheap plastic imitation of the Amulet of Yendor Weapons j - 12 +0 shuriken Armor h - an uncursed +0 mummy wrapping k - an uncursed +0 T-shirt (being worn) n - an uncursed +0 robe (being worn) A - an uncursed +5 pair of gauntlets of dexterity (being worn) N - an uncursed +0 elven leather helm (being worn) Y - an uncursed thoroughly rusty +0 pair of kicking boots (being worn) Comestibles b - an uncursed partly eaten lichen corpse m - 2 uncursed lichen corpses T - an uncursed food ration Scrolls d - 3 uncursed scrolls of create monster o - an uncursed scroll of magic mapping p - an uncursed scroll of light Spellbooks B - an uncursed spellbook of light C - an uncursed spellbook of stone to flesh Potions G - an uncursed potion of water Rings f - an uncursed ring of fire resistance t - an uncursed ring of regeneration E - an uncursed ring of cold resistance K - an uncursed ring of warning Wands e - a wand of enlightenment (0:7) i - a cursed wand of cancellation (0:0) l - a wand of probing (0:5) w - a wand of digging (0:6) D - a wand of make invisible (0:7) F - a blessed wand of fire (0:5) H - a wand of teleportation (0:6) L - a wand of sleep (0:6) Q - a wand of cold (0:3) U - a wand of secret door detection (0:15) V - a wand of death (0:7) Tools c - a +0 unicorn horn s - an uncursed sack u - a -2 unicorn horn v - an uncursed skeleton key y - a blessed oil lamp (0:1050) M - an uncursed bugle R - an uncursed blindfold Gems q - a blessed touchstone r - a blessed luckstone Contents of the sack: 5440 gold pieces an uncursed clove of garlic an uncursed sprig of wolfsbane a blessed scroll of blank paper 10 uncursed scrolls of blank paper a blessed scroll of confuse monster 2 uncursed scrolls of earth an uncursed scroll of genocide an uncursed scroll of identify a cursed scroll of identify an uncursed scroll of light a blessed scroll of magic mapping 2 uncursed scrolls of magic mapping an uncursed scroll of punishment an uncursed scroll of remove curse an uncursed scroll of scare monster an uncursed potion of blindness a cursed potion of extra healing an uncursed potion of full healing an uncursed potion of gain energy 2 potions of holy water an uncursed potion of levitation an uncursed potion of object detection a cursed potion of polymorph an uncursed ring of conflict a cursed ring of polymorph an uncursed ring of regeneration a cursed ring of teleportation an uncursed magic whistle Spells known in the end: Name Level Category Fail Memory a - healing 1* healing 0% 0% b - clairvoyance 3 divination 52% 20% c - cancellation 7 matter 90% 3% d - detect food 2* divination 0% 0% e - knock 1* matter 0% 0% f - haste self 3 escape 52% 18% g - invisibility 4 escape 90% 80% Your skills at the end: Fighting Skills martial arts [Master] Weapon Skills shuriken [Basic] Spellcasting Skills healing spells [Basic] Final Attributes: You were haltingly aligned. You were fire resistant. You were sleep resistant. You were poison resistant. You were magic-protected. You saw invisible. You were warned. You had automatic searching. You were invisible to others. You were stealthy. You were swallowed by an air elemental. You were fast. You were lucky. You had extra luck. Good luck did not time out for you. You are dead. Vanquished creatures: a baby white dragon an aligned priest an ettin 2 ghosts 3 giant mimics an ice troll a rock troll 2 large mimics a long worm 2 stalkers 2 earth elementals 2 xorns a giant zombie a winter wolf 7 small mimics a glass piercer a warhorse 2 xans an ogre lord a troll a sasquatch a gelatinous cube a large dog 2 flaming spheres a shocking sphere a tiger a gargoyle a dwarf king 2 tengu a leocrotta a mountain centaur a stone giant 2 human mummies 2 pythons 3 cobras 2 wraiths 3 leather golems 2 Grey-elves 2 soldiers a succubus a chameleon a crocodile 5 giant beetles 3 quivering blobs 4 cockatrices a wolf a lynx a gremlin 3 leprechauns a spotted jelly 4 iron piercers a mumak a giant spider 4 horses an ice vortex a black light 2 vampire bats a forest centaur 5 gnome kings 2 dwarf mummies an ogre 4 rust monsters 5 owlbears 2 yetis a werewolf a Green-elf 2 lizards a dog a dingo a housecat 5 jaguars 6 dwarf lords a blue jelly 3 water nymphs a white unicorn a black unicorn 2 dust vortices 2 ravens 2 plains centaurs a gnome mummy a snake 3 apes 3 human zombies 8 Woodland-elves 7 soldier ants 4 fire ants 2 bugbears an imp 4 Mordor orcs 4 Uruk-hai an orc shaman 3 rock piercers 3 rock moles 2 fog clouds 7 yellow lights 6 shriekers a violet fungus 17 gnome lords 8 gnomish wizards 2 kobold mummies 3 black naga hatchlings a golden naga hatchling 5 gray oozes 2 barrow wights 2 ghouls a straw golem 9 giant ants 4 floating eyes a kitten 23 dwarves 2 homunculi 4 kobold lords a kobold shaman 3 hill orcs 15 rothes 2 rabid rats a giant bat 4 orc zombies 2 dwarf zombies a wererat a werejackal 7 iguanas 28 killer bees 3 acid blobs 8 coyotes 2 gas spores 6 hobbits a large kobold 2 hobgoblins 6 giant rats 5 cave spiders 2 yellow molds 3 green molds 4 red molds 62 gnomes 11 garter snakes 4 manes 4 gnome zombies 8 geckos 8 jackals 4 foxen 5 kobolds 5 goblins 11 sewer rats 12 grid bugs a bat 12 lichens 9 newts 558 creatures vanquished. Voluntary challenges: You followed a strict vegan diet. You had been an atheist until turn 1969. You never hit with a wielded weapon. You read items or engraved 124 times, starting on turn 344. You never genocided any monsters. You never polymorphed an object. You never changed form. You completed Sokoban on turn 8514, according to the rules. You used 1 wish, starting on turn 13556. You wished for your your first artifact on turn 13556. You never split a pudding. You never wrote Elbereth's name. You violated your moral code, losing 62 points of alignment, starting on turn 7615. Dungeon overview: The Dungeons of Doom: levels 1 to 20 Level 1 some fountains a long staircase Level 2 some fountains Level 3 a fountain Level 4 stairs to The Gnomish Mines Level 5 a scroll shop Level 6 some fountains Level 7 many fountains Level 8 stairs to Sokoban Level 9 a sink Level 10 some fountains Level 11 some altars to Shan Lai Ching and Chih Sung-tzu Level 12 a fountain, a sink Level 13 portal to The Quest Level 14 an armor shop, a fountain Level 15 a fountain Level 16 Level 17 Level 18 Level 19 a fountain Level 20 <- You were here The Gnomish Mines: levels 5 to 13 Level 5 stairs to The Dungeons of Doom Level 6 Level 7 Level 8 many shops, a temple to Huan Ti , some fountains Level 9 Level 10 Level 11 Level 12 Level 13 a fountain The Quest: Level 1 portal to The Dungeons of Doom Sokoban: levels 4 to 7 Level 4 Level 5 Level 6 Level 7 stairs to The Dungeons of Doom History has recorded: On T:1 you entered the Dungeons of Doom to retrieve the Amulet of Yendor! On T:108 you advanced to experience level 2. On T:282 you reached level 2 of The Dungeons of Doom. On T:486 you advanced to experience level 3. On T:677 you reached level 3 of The Dungeons of Doom. On T:965 you reached level 4 of The Dungeons of Doom. On T:1136 you advanced to experience level 4. On T:1477 you reached level 1 of The Gnomish Mines. On T:1505 you advanced to experience level 5. On T:1744 you reached level 3 of The Gnomish Mines. On T:1746 you advanced to experience level 6. On T:2011 you reached level 4 of The Gnomish Mines. On T:2222 you advanced to experience level 7. On T:2419 you reached level 5 of The Gnomish Mines. On T:3314 you reached level 6 of The Gnomish Mines. On T:3351 you advanced to experience level 8. On T:3546 you reached level 7 of The Gnomish Mines. On T:3875 you reached level 8 of The Gnomish Mines. On T:3987 you reached level 9 of The Gnomish Mines. On T:4344 you advanced to experience level 9. On T:4925 you reached level 2 of The Gnomish Mines. On T:5483 you reached level 5 of The Dungeons of Doom. On T:5781 you reached level 6 of The Dungeons of Doom. On T:6057 you reached level 7 of The Dungeons of Doom. On T:6347 you reached level 8 of The Dungeons of Doom. On T:6709 you reached level 9 of The Dungeons of Doom. On T:6793 you reached level 4 of Sokoban. On T:7042 you reached level 3 of Sokoban. On T:7448 you reached level 2 of Sokoban. On T:7825 you reached level 1 of Sokoban. On T:8514 you entered the Sokoban zoo. On T:9222 you reached level 10 of The Dungeons of Doom. On T:9457 you reached level 11 of The Dungeons of Doom. On T:9601 you advanced to experience level 10. On T:13556 you wished for "blessed greased the Eye of The Aethiopica". On T:13829 you reached level 12 of The Dungeons of Doom. On T:14068 you reached level 13 of The Dungeons of Doom. On T:15174 you reached level 1 of The Quest. On T:15180 you advanced to experience level 11. On T:15233 you reached level 14 of The Dungeons of Doom. On T:15647 you reached level 15 of The Dungeons of Doom. On T:16107 you reached level 16 of The Dungeons of Doom. On T:16734 you reached level 17 of The Dungeons of Doom. On T:17076 you reached level 18 of The Dungeons of Doom. On T:17437 you reached level 19 of The Dungeons of Doom. On T:17459 you reached level 20 of The Dungeons of Doom. Score breakdown: Gold: 10700 (13706 points) Experience: 11 levels (17616 points) Exploration: 20 levels ( 42.55%) (19280 points) Discoveries: 63 items ( 22.58%) (14255 points) Valuables value: (no points given unless you survive) Artifact value: 4000 (12253 points) Variety of kills: 148 monsters ( 39.05%) (18747 points) Time penalty: 17603 turns (-3214 points) Survival: died (score multiplied by 80%) Total score: 74114 Latest messages: You detect the presence of objects. You are pummeled with debris! You die... Final status: Goodbye Rainflute the Monk, killed by an air elemental... You died in The Dungeons of Doom on dungeon level 20 with 74114 points, and 10700 pieces of gold, after 17603 moves. You were level 11 with a maximum of 75 hit points when you died.